 Dungeon Crawl Stone Soup version 0.32-a0-33-g74fbe469d6 (webtiles) character file.

Game seed: 8481355527804823340

20526 poochi the Severer (level 12, -17/67 HPs)
             Began as a Gargoyle Fighter on Jan 20, 2024.
             Was an Initiate of Gozag.
             Killed from afar by a kobold blastminer (45 damage)
             ... with an iron shot
             ... on level 1 of the Orcish Mines.
             The game lasted 00:33:46 (10711 turns).

poochi the Severer (Gargoyle Fighter)              Turns: 10711, Time: 00:33:46

Health: -17/67     AC: 30    Str: 28    XL:     12   Next: 80%
Magic:  12/12      EV:  6    Int:  9    God:    Gozag
Gold:   1663       SH: 13    Dex:  9    Spells: 11/11 levels left

rFire   x . .        l - +8 war axe of Midnight {heavy, rF- rCorr SInv}
rCold   . . .        w - +0 kite shield of Dim Light {rElec Regen+ Str+3}
rNeg    + + .        h - +3 plate armour
rPois   ∞            (no helmet)
rElec   +            o - +0 cloak
rCorr   +            (no gloves)
SInv    +            Q - +0 pair of boots
Will    .....        r - amulet of reflection Stlth
                     j - ring of positive energy
HPRegen 1.11/turn    C - +4 ring of protection
MPRegen 0.13/turn

%: reflection
@: fragile (+50% incoming damage), invisible
A: sickness immunity, AC +8, negative energy resistance 1, electricity
resistance, torment resistance 1, petrification resistance
a: Renounce Religion, Potion Petition, Call Merchant, Bribe Branch


You were on level 1 of the Orcish Mines.
You worshipped Gozag.
Gozag was most pleased with you.
You visited 3 branches of the dungeon, and saw 14 of its levels.
You also visited: Sewer.

You collected 2540 gold pieces.
You spent 168 gold pieces at shops.
You paid 709 gold pieces to Gozag.

Inventory:

Hand Weapons
 a - a +0 war axe
 l - the +8 war axe of Midnight (weapon) {heavy, rF- rCorr SInv}
   (You acquired it in a sewer)

   rF-:       It makes you vulnerable to fire.
   SInv:      It lets you see invisible.
   rCorr:     It protects you from acid and corrosion.
 u - a +5 broad axe of flaming
Missiles
 n - 15 poisoned darts
 s - 5 curare-tipped darts
 t - 4 atropa-tipped darts
 K - a throwing net
Armour
 b - a +0 scale mail
 c - a +0 buckler
 h - a +3 plate armour (worn)
 o - a +0 cloak (worn)
 w - the +0 kite shield of Dim Light (worn) {rElec Regen+ Str+3}
   (You acquired it in a sewer)

   Str+3:     It affects your strength (+3).
   rElec:     It insulates you from electricity.
   Regen+:    It increases your rate of health regeneration.
 Q - a +0 pair of boots (worn)
Jewellery
 j - a ring of positive energy (left hand)
 p - an amulet of guardian spirit
 r - an amulet of reflection (around neck)
 C - a +4 ring of protection (right hand)
 J - a ring of see invisible
 L - a ring of resist corrosion
Wands
 x - a wand of roots (10)
 A - a wand of polymorph (1) (quivered)
 E - a wand of acid (3)
Scrolls
 d - 3 scrolls of teleportation
 B - 3 scrolls of amnesia
 F - a scroll of brand weapon
 G - 3 scrolls of fog
 I - a scroll of noise
Potions
 e - 3 potions of attraction
 f - 3 potions of mutation
 g - 2 potions of curing
 i - a potion of haste
 k - a potion of invisibility
 m - 2 potions of degeneration
 q - 2 potions of brilliance
 H - a potion of might
 M - a potion of berserk rage {unknown}
 N - 11 potions of ambrosia
 P - a potion of enlightenment {unknown}


   Skills:
 + Level 4.6 Fighting
 - Level 18.0 Axes
 + Level 4.6 Armour
 * Level 5.7 Shields


You had 11 spell levels left.
You didn't know any spells.
Your spell library contained the following spells:

 Spells                   Type           Power      Damage    Failure   Level
 Apportation              Tloc           0%         N/A       100%        1
 Necrotise                Necr           0%         1d4       100%        1
 Sandblast                Erth           0%         2d4       100%        1
 Shock                    Conj/Air       0%         1d3       100%        1
 Sting                    Conj/Alch      0%         1d3       100%        1
 Summon Small Mammal      Summ           0%         N/A       100%        1
 Mercury Vapours          Alch/Air       0%         N/A       100%        2
 Scorch                   Fire           0%         2d5       100%        2
 Passwall                 Erth           0%         N/A       100%        3
 Stone Arrow              Conj/Erth      0%         3d7       100%        3
 Swiftness                Air            0%         N/A       100%        3
 Airstrike                Air            0%         2d(0-16)  100%        4
 Brom's Barrelling Bould  Conj/Erth      0%         2d3       100%        4
 Flame Wave               Conj/Fire      0%         2d4       100%        4
 Ignite Poison            Fire/Alch      0%         N/A       100%        4
 Olgreb's Toxic Radiance  Alch           0%         N/A       100%        4
 Sticky Flame             Fire/Alch      0%         2d4       100%        4
 Alistair's Intoxication  Alch           0%         N/A       100%        5
 Borgnjor's Vile Clutch   Necr/Erth      0%         N/A       100%        5
 Freezing Cloud           Conj/Ice/Air   0%         6-21      100%        5
 Eringya's Noxious Bog    Alch           0%         4d6       100%        6
 Summon Cactus Giant      Summ           0%         N/A       100%        6
 Ignition                 Fire           0%         3d3       100%        8
 Cigotuvi's Dreadful Rot  Necr/Alch/Air  Unusable   N/A       N/A         2

Dungeon Overview and Level Annotations

Branches:
Dungeon (11/15)            Temple (1/1) D:4            Lair (0/5) D:10
    Orc (2/2) D:10            Elf (0/3) Orc:2         Sewer (visited)

Altars:
Ashenzari
Cheibriados
Dithmenos
Elyvilon
Fedhas
Gozag
Hepliaklqana
Kikubaaqudgha
Makhleb
Nemelex Xobeh
Okawaru
Qazlal
Ru
Sif Muna
Trog
Uskayaw
Vehumet
Wu Jian
Xom
Yredelemnul
Zin
The Shining One

Shops:
D:1 [   D:2 *   D:11 [

Annotations:
D:4 1 runed translucent door
Temple 2 transporters


Innate Abilities, Weirdness & Mutations

You are immune to sickness and miasma.
Your stone body is resilient. (AC +8)
You are immune to poison.
You resist negative energy. (rN+)
You are resistant to electric shocks. (rElec)
You are resistant to unholy torment.
You are immune to petrification.


Message History

The kobold blastminer shouts!
The kobold blastminer shouts!
An ogre comes into view. It is wielding a +0 giant spiked club.
The orc is distracted by your dazzling golden aura.
You slice the troll!!
The troll is severely wounded.
The kobold blastminer shouts!
You block the troll's attack. The troll barely misses you. The troll claws you.
The kobold blastminer bats away at the thin smoke enveloping its cannon.
You block the troll's attack. The troll closely misses you.
You block the troll's attack.
The orc priest mumbles some strange prayers to Beogh against you.
Beogh smites you!
The orc warrior shouts!
You slash the troll!
The troll is almost dead.
You hear a shout!
The orc is no longer distracted by gold.
The orc priest is distracted by your dazzling golden aura.
You block the troll's attack. The troll claws you.
You block the troll's attack.
The orc priest shouts!
You strike the helpless troll from behind!
You slice the troll!!
You kill the troll!
The orc priest is no longer distracted by gold.
The kobold blastminer shouts!
An ogre comes into view. It is wielding a +0 giant spiked club.
The kobold blastminer shouts!
The ogre shouts!
The kobold blastminer wields a +0 arbalest.
The kobold blastminer shoots a bolt.
The bolt barely misses the ogre.
The bolt hits you.
The ogre hits you with a +0 giant spiked club.
You block the kobold blastminer's attack.
You see here 19 gold pieces.
The kobold blastminer blasts its cannon past the ogre.
The iron shot hits you!!
Ouch! That really hurt!
You die...
Your body crumbles into a pile of gold.

................#
......$.......### #
#.....$..o.o.#.##.#
##....>....O.......
##............##.
#....#....oo...#
.....$......oOK.###
............##$#..###
..#.........##@.....#
.
#..#......#........#
...................#
# #.................
## #..........#....#
####. ........#......
##.##.
...#.###.#..#.#
#..... ..... . ######
##.... ##.###...##


You could see a kobold blastminer (unable to see you), an orc warrior (unable to
see you), 2 ogres and 3 orc priests.

Vanquished Creatures
  Jorgrun (Orc:2)
  A centaur warrior (D:11)
  A two-headed ogre (D:5)
  2 boulder beetles (D:11)
  Nergalle (Orc:1)
  A skyshark (D:10)
  Amaemon (D:11)
  A manticore (D:11)
  An ugly thing (D:10)
  An elephant (D:10)
  3 kobold blastminers
  An orange demon (D:11)
  7 trolls
  A queen bee (D:9)
  A hornet (D:9)
  Grinder (D:3)
  Prince Ribbit (D:5)
  The ghost of Livid the Firebug, an amateur OpFE (D:4)
  2 shadows
  A wyvern (D:10)
  13 yaks
  A basilisk (D:10)
  3 wargs
  A vampire (D:9)
  A steam dragon (D:8)
  7 vampire mosquitoes
  2 acid dragons
  2 water moccasins (D:6)
  2 black bears
  A sky beast (D:8)
  6 orc warriors
  2 ice beasts
  7 centaurs
  2 phantoms
  7 kobold brigands
  2 bullfrogs
  5 scorpions
  A gnoll sergeant (D:8)
  5 wights (D:10)
  32 killer bees (D:9)
  9 howler monkeys
  A jelly (D:5)
  4 hounds
  3 orc priests
  2 bombardier beetles
  4 gnoll boudas
  An iguana (D:7)
  2 sleepcaps
  Natasha (D:4)
  8 orc wizards
  3 scorpion zombies (D:4)
  A hound zombie (D:4)
  Robin (D:3)
  21 gnolls
  15 adders
  2 shadow imps
  2 white imps
  2 ufetubi (D:7)
  2 adder zombies (D:4)
  An adder skeleton (D:4)
  2 dart slugs
  7 ribbon worms
  28 orcs
  11 ball pythons
  10 bats
  16 endoplasms
  10 giant cockroaches
  18 goblins
  7 hobgoblins
  4 jackals (D:1)
  5 quokkas
  4 frilled lizards
  11 kobolds
  5 rats
355 creatures vanquished.

Vanquished Creatures (others)
  A ball python (D:1)
1 creature vanquished.

Grand Total: 356 creatures vanquished

Notes
Turn   | Place    | Note
-------+----------+-------------------------------------------
     0 | D:1      | poochi the Gargoyle Fighter began the quest for the Orb.
     0 | D:1      | Reached XP level 1. HP: 14/14 MP: 1/1
    44 | D:1      | Reached skill level 2 in Axes
   185 | D:1      | Reached XP level 2. HP: 19/19 MP: 2/2
   402 | D:1      | Reached skill level 3 in Axes
   475 | D:1      | Noticed an animated storm dragon scales
   477 | D:1      | Found Wunaj's Armour Shop.
   478 | D:1      | Noticed an animated gold dragon scales
   492 | D:1      | Reached XP level 3. HP: 23/23 MP: 3/3
   546 | D:1      | Found a faded altar of an unknown god.
   935 | D:2      | Found Porahan's Assorted Antiques.
  1010 | D:2      | Reached XP level 4. HP: 28/28 MP: 4/4
  1040 | D:2      | Reached skill level 4 in Axes
  1678 | D:3      | Reached XP level 5. HP: 27/32 MP: 5/5
  1812 | D:3      | Noticed Grinder
  1968 | D:2      | Bought a runed broad axe for 168 gold pieces
  2115 | D:3      | Paralysed by Grinder for 5 turns
  2124 | D:3      | Killed Grinder
  2125 | D:3      | Reached skill level 6 in Axes
  2125 | D:3      | Reached XP level 6. HP: 19/37 MP: 6/6
  2213 | D:3      | Noticed Robin
  2247 | D:3      | Killed Robin
  2302 | D:4      | Found a hide-covered altar of Uskayaw.
  2334 | D:4      | Noticed a black bear
  2342 | D:4      | Killed a black bear
  2343 | D:4      | Reached XP level 7. HP: 41/41 MP: 7/7
  2416 | D:4      | Reached skill level 7 in Axes
  2458 | D:4      | Found a glowing drain.
  2484 | Sewer    | Entered a sewer
  2714 | Sewer    | Reached skill level 8 in Axes
  2716 | Sewer    | Identified a scroll of acquirement
  2716 | Sewer    | Acquired the +8 war axe of Midnight {heavy, rF- rCorr SInv}
  2818 | Sewer    | Acquired the +0 kite shield of Dim Light {rElec Regen+
                  | Str+3}
  2950 | Sewer    | Reached XP level 8. HP: 46/46 MP: 8/8
  3179 | D:4      | Found a runed translucent door.
  3180 | D:4      | Noticed Livid's ghost (amateur OpFE)
  3186 | D:4      | Killed Livid's ghost
  3187 | D:4      | Reached skill level 9 in Axes
  3223 | D:4      | Found a shimmering altar of Xom.
  3267 | D:4      | Noticed Natasha
  3274 | D:4      | Killed Natasha
  3275 | D:4      | Found a broken altar of Ashenzari.
  3442 | D:4      | Found a runed translucent door.
  3571 | D:4      | Found a staircase to the Ecumenical Temple.
  3577 | Temple   | Found a transporter.
  3577 | Temple   | Found a transporter.
  3577 | Temple   | Found a transporter.
  3577 | Temple   | Found a transporter.
  3577 | Temple   | Entered the Ecumenical Temple
  3931 | D:5      | Entered Level 5 of the Dungeon
  3995 | Temple   | Became a worshipper of Gozag Ym Sagoz the Greedy
  4212 | D:5      | Reached skill level 10 in Axes
  4240 | D:5      | Noticed Prince Ribbit
  4258 | D:5      | Killed Prince Ribbit
  4259 | D:5      | Reached XP level 9. HP: 51/51 MP: 9/9
  4287 | D:5      | Found a bloodstained altar of Trog.
  4303 | D:5      | Found a hazy altar of Hepliaklqana.
  4306 | D:5      | Found a shimmering blue altar of Sif Muna.
  4309 | D:5      | Found an ornate altar of the Wu Jian Council.
  4564 | D:5      | Found a radiant altar of Vehumet.
  4629 | D:5      | Noticed a two-headed ogre
  4634 | D:5      | Reached skill level 11 in Axes
  4638 | D:5      | Killed a two-headed ogre
  5049 | D:6      | Reached skill level 12 in Axes
  5770 | D:7      | Reached XP level 10. HP: 56/56 MP: 10/10
  6408 | D:8      | Reached skill level 13 in Axes
  7314 | D:9      | Reached skill level 14 in Axes
  7424 | D:9      | Reached skill level 15 in Axes
  7424 | D:9      | Reached XP level 11. HP: 58/60 MP: 11/11
  8143 | D:10     | Entered Level 10 of the Dungeon
  8157 | D:10     | Found a glowing golden altar of the Shining One.
  8235 | D:10     | Found a staircase to the Lair.
  8241 | D:10     | Reached skill level 16 in Axes
  8273 | D:10     | Noticed a two-headed ogre
  8274 | D:10     | a two-headed ogre changed into a skyshark
  8274 | D:10     | Noticed a skyshark
  8284 | D:10     | Killed a skyshark
  8399 | D:10     | Found a staircase to the Orcish Mines.
  8657 | D:10     | Noticed a purple ugly thing
  8665 | D:10     | Killed a cyan ugly thing
  9267 | D:11     | Noticed a boulder beetle
  9282 | D:11     | Killed a boulder beetle
  9283 | D:11     | Reached skill level 17 in Axes
  9327 | D:11     | Reached XP level 12. HP: 64/64 MP: 12/12
  9411 | D:11     | Noticed a boulder beetle
  9419 | D:11     | Killed a boulder beetle
  9484 | D:11     | Noticed Amaemon
  9491 | D:11     | Killed Amaemon
  9738 | D:11     | Noticed a centaur warrior
  9744 | D:11     | Killed a centaur warrior
 10294 | Orc:1    | Entered Level 1 of the Orcish Mines
 10295 | Orc:1    | Noticed Nergalle
 10306 | Orc:1    | Killed Nergalle
 10307 | Orc:1    | Reached skill level 18 in Axes
 10455 | Orc:2    | Entered Level 2 of the Orcish Mines
 10561 | Orc:2    | Found a staircase to the Elven Halls.
 10581 | Orc:2    | Noticed Jorgrun
 10588 | Orc:2    | HP: 1/66 [constriction (12)]
 10596 | Orc:2    | Killed Jorgrun
 10597 | Orc:2    | Reached skill level 5 in Shields
 10661 | Orc:2    | Noticed a two-headed ogre
 10662 | Orc:2    | Noticed a two-headed ogre
 10662 | Orc:2    | a two-headed ogre changed into a glass eye
 10663 | Orc:2    | Noticed an ogre mage
 10663 | Orc:2    | Noticed a two-headed ogre
 10663 | Orc:2    | Noticed a two-headed ogre
 10669 | Orc:2    | Noticed a two-headed ogre
 10711 | Orc:1    | Killed from afar by a kobold blastminer

Illustrated notes

Levels and vault maps discovered:
D:1:      minmay_arrival_doors, layout_basic, serial_shops,
          nicolae_shop_mannequins,
          dreamdust_ecumenical_altar_hidden_monk_grotto, minmay_heptomino_h4
D:2:      layout_basic, serial_shops, nicolae_shop_dealshenge
D:3:      layout_rooms, grunt_ministairs_7, uniq_grinder, uniq_robin
D:4:      layout_basic, ashenzari_conservatory_becter,
          nicolae_uskayaw_murder_on_the_dancefloor,
          mainiacjoe_overflow_alcove_4, temple_green, serial_undead,
          serial_undead_a, serial_undead_c, serial_undead_f, serial_undead_f,
          ebering_ghost_sewer_f, gup_sewer_entry_glass, nicolae_letterblocks
          [nicolae_letter_subblock, nicolae_letter_subblock,
          nicolae_letter_subblock, nicolae_letter_subblock,
          nicolae_letter_subblock, nicolae_letter_subblock,
          nicolae_letter_subblock, nicolae_letter_subblock,
          nicolae_letter_subblock, nicolae_letter_subblock,
          nicolae_letter_subblock, nicolae_letter_subblock,
          nicolae_letter_subblock, nicolae_letter_subblock,
          nicolae_letter_subblock, nicolae_letter_subblock,
          nicolae_letter_subblock, nicolae_letter_subblock,
          nicolae_letter_subblock, nicolae_letter_subblock,
          nicolae_letter_subblock, nicolae_letter_subblock,
          nicolae_letter_subblock, nicolae_letter_subblock,
          nicolae_letter_subblock], uniq_natasha
D:5:      layout_loops_ring, lemuel_doored_altar,
          grunt_temple_overflow_cloverleaf, minmay_small_thing,
          uniq_prince_ribbit1
D:6:      nicolae_cairo_tiling_large, layout_loops_ring,
          nicolae_houndstooth_variations
D:7:      layout_loops_cross, hangedman_abyss_or_decor_jellyfish_corner
D:8:      layout_loops_corners, billiards_dpeg
D:9:      layout_roguey, special_room [special_room_bee], lemuel_flame_loot_1
D:10:     layout_long_grid, lemuel_tele_altar, david_lair_generic, erik_orc_3,
          nicolae_twisty_statue_hallways
D:11:     layout_basic, uniq_amaemon
Temple:   hellmonk_temple_divided_pantheon
Orc:1:    layout_caves, serial_shops, shop, uniq_nergalle
Orc:2:    st_orc_ogre_mass, layout_caves, serial_shops,
          nicolae_shop_tiny_statue_garden, uniq_jorgrun

Skill      XL: |  1  2  3  4  5  6  7  8  9 10 11 12 |
---------------+-------------------------------------+-----
Axes           | 2 3 4 6 8 10 12 15 17 18 | 18.0
Shields        | 5 |  5.7
Fighting       | 4 |  4.6
Armour         | 4 |  4.6

Action                     |  1- 3 |  4- 6 |  7- 9 | 10-12 || total
---------------------------+-------+-------+-------+-------++-------
  Melee: War axe           |   122 |    90 |   171 |   384 ||   767
         Broad axe         |       |    39 |    68 |       ||   107
  Throw: Dart              |       |     3 |       |     3 ||     6
 Invoke: Call Merchant     |       |       |       |     1 ||     1
  Evoke: Wand              |       |       |       |     7 ||     7
    Use: Scroll            |     1 |     6 |    11 |    11 ||    29
         Potion            |       |     1 |       |     3 ||     4
   Stab: Distracted        |       |       |       |     7 ||     7
         Invisible         |       |       |       |     1 ||     1
 Armour: Scale mail        |    47 |       |       |       ||    47
         Plate armour      |    65 |   117 |   175 |   323 ||   680
  Dodge: Dodged            |    59 |    41 |    57 |    76 ||   233
  Block: Buckler           |    22 |    31 |    11 |       ||    64
         Kite shield       |       |       |    98 |   336 ||   434
         Reflection        |       |       |     4 |    28 ||    32

Table legend: (Time is in decaauts)
 A = Elapsed time spent in this place.
 B = Non-inter-level travel time spent in this place.
 C = Inter-level travel time spent in this place.
 D = Time resting spent in this place.
 E = Time spent auto-exploring this place.
 F = Levels seen in this place.
 G = Mean time per level.
                   A        B        C        D        E       F      G
               +--------+--------+--------+--------+--------+-----+--------+
         Total |  11147 |  10111 |   1036 |      0 |   7527 |  15 |  743.1 |
       Dungeon |   9824 |   8814 |   1010 |      0 |   6738 |  11 |  893.1 |
        Temple |     75 |     49 |     26 |      0 |      0 |   1 |   75.0 |
  Orcish Mines |    424 |    424 |      0 |      0 |    249 |   2 |  212.0 |
         Sewer |    822 |    822 |      0 |      0 |    539 |   1 |  822.0 |
               +--------+--------+--------+--------+--------+-----+--------+

Top non-repeatable levels by time:
    D:10: 1117 daAuts
    D:11: 1053 daAuts
     D:4: 1038 daAuts
     D:5: 981 daAuts
     D:8: 936 daAuts
     D:9: 877 daAuts
   Sewer: 822 daAuts
     D:1: 801 daAuts
     D:3: 799 daAuts
     D:6: 790 daAuts
     D:2: 779 daAuts
     D:7: 648 daAuts
   Orc:2: 240 daAuts
   Orc:1: 183 daAuts
  Temple: 75 daAuts
